 Dungeon Crawl Stone Soup version 0.20-a0-345-gbfb25ec (webtiles) character file.

2877 KristoblXynda the Insei (level 9, -10/62 HPs)
             Began as a Pale Draconian Air Elementalist on Dec 22, 2016.
             Was a Priest of Vehumet.
             Mangled by a two-headed ogre (19 damage)
             ... on level 8 of the Dungeon.
             The game lasted 00:25:15 (9117 turns).

KristoblXynda the Insei (DrAE)                      Turns: 9117, Time: 00:25:16

Health: -10/62     AC:  7    Str: 11    XL:     9   Next: 48%
Magic:  2/14       EV: 13    Int: 21    God:    Vehumet [***...]
Gold:   233        SH:  4    Dex: 11    Spells: 9/18 levels left

rFire  . . .     SeeInvis .       - Unarmed
rCold  . . .     Gourm    .     (armour unavailable)
rNeg   . . .     Faith    .     w - +0 buckler
rPois  +         Spirit   .     (helmet restricted)
rElec  .         Reflect  .     (no cloak)
rCorr  .         Harm     .     (no gloves)
MR     +....                    (no boots)
Stlth  ++........               d - amulet of regeneration
                                (no ring)
                                f - ring of stealth

@: no status effects
A: breathe steam, unfitting armour, hooves 1, clever 1, low mp 1, magic
resistance 1, poison resistance, cold-blooded, MP-powered wands, AC +7
a: Breathe Steam, Renounce Religion


You were on level 8 of the Dungeon.
You worshipped Vehumet.
Vehumet was most pleased with you.
You were near starving.

You visited 2 branches of the dungeon, and saw 9 of its levels.
You also visited: Sewer.

You collected 233 gold pieces.

Inventory:

Armour
 w - a +0 buckler (worn)
Jewellery
 d - an amulet of regeneration (around neck)
 f - a ring of stealth (left hand)
Wands
 j - a wand of iceblast (10/15)
 s - a wand of lightning (13/15)
Scrolls
 k - a scroll of remove curse
 l - a scroll of amnesia
 o - 2 scrolls of immolation
 q - 2 scrolls of teleportation
 u - 2 scrolls of recharging
 x - a scroll of fear
Potions
 c - 3 potions of flight
 e - a potion of curing
 g - a potion of heal wounds
 h - a potion of magic
 p - 2 potions of ambrosia
 r - a potion of haste
 t - a potion of cancellation
 B - a potion of agility
Books
 a - a book of Air

   Spells                             Type                      Level
   a - Shock                          Conjuration/Air              1
   b - Swiftness                      Charms/Air                   2
   c - Repel Missiles                 Charms/Air                   2
   d - Static Discharge               Conjuration/Air              3
   e - Lightning Bolt                 Conjuration/Air              5
 m - a book of Minor Magic

   Spells                             Type                      Level
   a - Magic Dart                     Conjuration                  1
   b - Blink                          Translocation                2
   c - Call Imp                       Summoning                    2
   d - Repel Missiles                 Charms/Air                   2
   e - Slow                           Hexes                        2
   f - Conjure Flame                  Conjuration/Fire             3
   g - Mephitic Cloud                 Conjuration/Poison/Air       3
 v - a book of Maledictions

   Spells                             Type                      Level
   a - Corona                         Hexes                        1
   b - Ensorcelled Hibernation        Hexes/Ice                    2
   c - Confuse                        Hexes                        3
   d - Tukima's Dance                 Hexes                        3
   e - Dazzling Spray                 Conjuration/Hexes            3
 y - a book of Cantrips

   Spells                             Type                      Level
   a - Confusing Touch                Hexes                        1
   b - Animate Skeleton               Necromancy                   1
   c - Summon Small Mammal            Summoning                    1
   d - Apportation                    Translocation                1
Comestibles
 b - 5 bread rations
 i - a meat ration
 n - a beef jerky
 A - 3 fruits


   Skills:
   Level 0.4 Short Blades
 - Level 3.0 Dodging
 - Level 1.7 Stealth
 + Level 3.4 Shields
 - Level 6.0 Unarmed Combat
 - Level 5.1 Spellcasting
 + Level 5.6 Conjurations
 + Level 3.1 Hexes
 - Level 2.5 Translocations
 - Level 5.2 Air Magic
 - Level 4.3 Evocations


You had 9 spell levels left.
You knew the following spells:

 Your Spells              Type           Power        Failure   Level  Hunger
a - Shock                 Conj/Air       ####         1%          1    None
b - Blink                 Tloc           N/A          10%         2    None
c - Tukima's Dance        Hex            ###.....     12%         3    ##.....
d - Mephitic Cloud        Conj/Pois/Air  ###.....     2%          3    ##.....


Dungeon Overview and Level Annotations

Branches:
Dungeon (8/15)             Temple (1/1) D:7
   Lair: D:8-11

Altars:
Ashenzari
Cheibriados
Dithmenos
Elyvilon
Fedhas
Gozag
Hepliaklqana
Kikubaaqudgha
Makhleb
Nemelex Xobeh
Okawaru
Qazlal
Ru
Sif Muna
Trog
Uskayaw
Vehumet
Xom
Yredelemnul
Zin
The Shining One

Shops:
D:4 %


Innate Abilities, Weirdness & Mutations

You can breathe blasts of scalding, opaque steam.
Your pale cyan-grey scales are hard. (AC +7)
You cannot fit into any form of body armour.
You are cold-blooded and may be slowed by cold attacks.
You have large cloven feet.
Your mind is acute. (Int +2)
Your magical capacity is low. (-10% MP)
You are resistant to hostile enchantments. (MR+)
Your system is resistant to poisons. (rPois)
You expend magic power (3 MP) to strengthen your wands.


Message History

The two-headed ogre hits you! You block the two-headed ogre's attack.
You hit the two-headed ogre.
The two-headed ogre is heavily wounded.
The two-headed ogre hits you! x2
You hit the two-headed ogre.
You kick the two-headed ogre, but do no damage.
The two-headed ogre is severely wounded.
Your giant club barely misses the two-headed ogre.
You hit the two-headed ogre. You tail-slap the two-headed ogre.
The two-headed ogre is severely wounded.
The two-headed ogre hits you!!
* * * LOW HITPOINT WARNING * * *
The two-headed ogre hits you.
* * * LOW HITPOINT WARNING * * *
You are near starving!
You punch the two-headed ogre!
You kick the two-headed ogre, but do no damage.
The two-headed ogre is almost dead.
The two-headed ogre hits you!!
You die...

## #. # #.## ########
#... # # .......# #..#
.###.# #####..#
#..##...).. #####..#
#.......#.# #.....#
#..@O(....# ##.###.#
##.####.### .......#
#.#### ##.##### #....#
# #.# #.##.#.# ##.##
#......#
#...###########....###
.....................+
.....##########...####


You could see a two-headed ogre and a friendly giant club.

Vanquished Creatures
  Sigmund (D:5)
  A wyvern (D:8)
  A dancing weapon (D:8)
  Edmund (D:6)
  Duvessa (D:5)
  A phantom (D:7)
  An ice beast (D:6)
  3 ogres
  2 orc warriors
  3 centaurs
  A big kobold (Sewer)
  A bullfrog (D:7)
  Dowan (D:5)
  4 scorpions
  A crimson imp (D:5)
  A bullfrog zombie (D:5)
  A bullfrog skeleton (D:4)
  10 hounds
  3 orc priests
  A jelly (D:7)
  A centaur skeleton (D:6)
  6 orc wizards
  An iguana (D:6)
  3 worker ants
  A hound zombie (D:6)
  A howler monkey skeleton (D:5)
  2 worker ant zombies
  6 adders
  A river rat (D:5)
  2 shadow imps
  5 worms
  2 dart slugs (D:3)
  4 leopard geckos
  25 orcs
  13 bats
  9 giant cockroaches
  12 hobgoblins
  16 jackals
  16 kobolds
  3 quokkas
  A ball python (D:4)
  8 frilled lizards
  13 goblins
  A quokka skeleton (D:7)
  9 rats
200 creatures vanquished.

Vanquished Creatures (others)
  A goblin (D:3)
1 creature vanquished.

Grand Total: 201 creatures vanquished

Notes
Turn   | Place    | Note
-------+----------+-------------------------------------------
     0 | D:1      | KristoblXynda the Draconian Air Elementalist began the quest for the Orb.
     0 | D:1      | Reached XP level 1. HP: 14/14 MP: 3/3
   237 | D:1      | Reached XP level 2. HP: 16/20 MP: 1/5
   869 | D:1      | Reached XP level 3. HP: 26/26 MP: 2/6
  1180 | D:2      | Found a glowing silver altar of Zin.
  1180 | D:2      | Found a shimmering altar of Xom.
  1182 | D:2      | Found a glowing golden altar of the Shining One.
  1314 | D:2      | Found a shadowy altar of Dithmenos.
  1509 | D:2      | Gained mutation: Your system is resistant to poisons. (rPois) [potion of beneficial mutation]
  2141 | D:2      | Reached XP level 4. HP: 32/33 MP: 1/8
  3295 | D:3      | Found a radiant altar of Vehumet.
  3301 | D:3      | Reached skill level 1 in Unarmed Combat
  3319 | D:3      | Became a worshipper of Vehumet
  3650 | D:3      | Reached XP level 5. HP: 33/38 MP: 3/9
  3869 | D:4      | Learned a level 2 spell: Blink
  3999 | D:4      | Reached skill level 2 in Unarmed Combat
  3999 | D:4      | Reached skill level 1 in Translocations
  4130 | D:4      | Found Uten's Food Shoppe.
  4450 | D:4      | Reached XP level 6. HP: 38/45 MP: 1/10
  4802 | D:5      | Entered Level 5 of the Dungeon
  4813 | D:5      | Gained mutation: Your magical capacity is low. (-10% MP) [potion of mutation]
  4813 | D:5      | Gained mutation: You have large cloven feet. [potion of mutation]
  4813 | D:5      | Gained mutation: Your mind is acute. (Int +2) [potion of mutation]
  4887 | D:5      | Noticed Sigmund
  4905 | D:5      | Killed Sigmund
  4905 | D:5      | Reached * piety under Vehumet
  4905 | D:5      | Offered knowledge of Sting by Vehumet.
  4905 | D:5      | Reached skill level 3 in Unarmed Combat
  4930 | D:5      | Your scales start taking on a pale cyan-grey colour.
  4930 | D:5      | Reached XP level 7. HP: 19/50 MP: 0/10
  5122 | D:5      | Noticed Dowan
  5124 | D:5      | Noticed Duvessa
  5135 | D:5      | Killed Dowan
  5160 | D:5      | Killed Duvessa
  5160 | D:5      | Reached skill level 5 in Conjurations
  5324 | D:5      | Reached skill level 4 in Unarmed Combat
  5404 | D:5      | Reached skill level 5 in Air Magic
  5458 | D:5      | Found a glowing drain.
  5462 | Sewer    | Entered a sewer
  5725 | Sewer    | Found a white marble altar of Elyvilon.
  6011 | D:5      | Reached XP level 8. HP: 53/57 MP: 7/12
  6154 | D:5      | Reached skill level 1 in Evocations
  6356 | D:6      | Offered knowledge of Searing Ray by Vehumet.
  6357 | D:6      | Reached ** piety under Vehumet
  6367 | D:6      | Reached skill level 5 in Unarmed Combat
  6539 | D:6      | Found an ancient bone altar of Kikubaaqudgha.
  6539 | D:6      | Found an opulent altar of Gozag.
  6599 | D:6      | Noticed Edmund
  6610 | D:6      | Killed Edmund
  6914 | D:6      | Learned a level 3 spell: Tukima's Dance
  7071 | D:6      | Reached skill level 5 in Spellcasting
  7314 | D:6      | Reached skill level 1 in Shields
  7314 | D:6      | Reached skill level 6 in Unarmed Combat
  7393 | D:6      | Learned a level 3 spell: Mephitic Cloud
  7573 | D:6      | Reached XP level 9. HP: 62/62 MP: 10/14
  7897 | D:7      | Offered knowledge of Throw Frost by Vehumet.
  7956 | D:7      | Reached skill level 1 in Hexes
  7962 | D:7      | Found a staircase to the Ecumenical Temple.
  7974 | Temple   | Entered the Ecumenical Temple
  8101 | D:7      | Reached *** piety under Vehumet
  8473 | D:7      | Found a hazy altar of Hepliaklqana.
  9003 | D:8      | Gained mutation: You expend magic power (3 MP) to strengthen your wands. [potion of mutation]
  9003 | D:8      | Gained mutation: You are resistant to hostile enchantments. (MR+) [potion of mutation]
  9091 | D:8      | Noticed a two-headed ogre
  9117 | D:8      | Mangled by a two-headed ogre

Vault maps used:
D:1:      onia_arrival_pyramid
D:2:      grunt_temple_overflow_open, marbit_many_paths
D:3:      fiery_altar_vehumet, minmay_goblin_outpost
D:4:      first_bread, serial_shops, kennysheep_mini_moat
D:5:      gup_sewer_entry_bowl, uniq_sigmund, uniq_duvessa
D:6:      nicolae_overflow_hidden_temple, grunt_tough_drop, uniq_edmund
D:7:      basic_altar
D:8:      the_bakery
Temple:   zaba_magenta_temple
Sewer:    sewer_kobolds

Skill      XL: |  1  2  3  4  5  6  7  8  9 |
---------------+----------------------------+-----
Conjurations   | 2 3 4 5 |  5.6
Spellcasting   | 3 5 |  5.1
Unarmed Combat | 1 2 3 4 6 |  6.0
Translocations | 1 2 |  2.5
Air Magic      | 4 5 |  5.2
Evocations     | 4 |  4.3
Shields        | 1 3 |  3.4
Dodging        | 3 |  3.0
Hexes          | 3 |  3.1
Short Blades   | |  0.4
Stealth        | |  1.7

Action                   |  1- 3 |  4- 6 |  7- 9 || total
-------------------------+-------+-------+-------++-------
Melee: Unarmed           |   124 |   157 |   107 ||   388
       Tailslap          |     9 |    15 |    13 ||    37
       Short sword       |       |     7 |       ||     7
       Kick              |       |     3 |    26 ||    29
       Punch             |       |       |     5 ||     5
       Dagger            |       |       |     8 ||     8
 Cast: Shock             |    86 |   123 |   234 ||   443
       Blink             |       |       |     1 ||     1
       Tukima's Dance    |       |       |     4 ||     4
       Mephitic Cloud    |       |       |     2 ||     2
 Abil: Breathe Steam     |       |       |     2 ||     2
  Use: Potion            |     1 |     3 |     2 ||     6
       Scroll            |       |    14 |     6 ||    20
 Stab: Sleeping          |     1 |     1 |       ||     2
       Distracted        |       |     1 |       ||     1
       Confused          |       |       |     1 ||     1
  Eat: Chunk             |     4 |    10 |     7 ||    21
       Meat ration       |       |       |     1 ||     1
Armor: Skin              |    57 |    46 |    51 ||   154
Dodge: Dodged            |   117 |    93 |   106 ||   316
Block: Buckler           |       |       |     2 ||     2
